 Dungeon Crawl Stone Soup version 0.23-a0-489-g205b0b6 (webtiles) character file.

755 Espgualade the Sneak (level 7, -3/44 HPs)
             Began as a Tengu Ice Elementalist on Dec 1, 2018.
             Slain by a sky beast (6 damage)
             ... on level 4 of the Dungeon.
             The game lasted 00:12:58 (3885 turns).

Espgualade the Sneak (Tengu Ice Elementalist)       Turns: 3885, Time: 00:12:58

Health: -3/44      AC:  4    Str: 14    XL:     7   Next: 79%
Magic:  7/12       EV: 15    Int: 17    God:
Gold:   116        SH:  0    Dex: 14    Spells: 1/11 levels left

rFire    x . .     SeeInvis .   d - +0 short sword (elec)
rCold    + . .     Gourm    .   (no shield)
rNeg     . . .     Faith    .   a - +0 robe
rPois    .         Spirit   .   (helmet restricted)
rElec    .         Reflect  .   (no cloak)
rCorr    .         Harm     .   b - +1 pair of gloves
MR       .....                  (boots unavailable)
Stlth    +++.......             (no amulet)
HPRegen  0.14/turn              j - ring of ice
MPRegen  0.13/turn              (no ring)

@: mighty, very slightly contaminated
A: beak, talons 3, able to fly 1
a: Fly


You were on level 4 of the Dungeon.
You were hungry.

You visited 1 branch of the dungeon, and saw 4 of its levels.
You also visited: Sewer.

You collected 116 gold pieces.

Inventory:

Hand Weapons
 d - a +0 short sword of electrocution (weapon)
Armour
 a - a +0 robe (worn)
 b - a +1 pair of gloves (worn)
Jewellery
 j - a ring of ice (left hand)
 r - an uncursed ring of fire
Scrolls
 e - 3 scrolls of remove curse
 f - a scroll of magic mapping {unknown}
 g - 2 scrolls of enchant armour
 i - 4 scrolls of identify
 p - 2 scrolls of teleportation {unknown}
 q - a scroll of enchant weapon {unknown}
Potions
 h - 2 potions of brilliance
 k - 2 potions of curing
 l - a potion of magic
 m - a potion of cancellation {unknown}
 n - a potion of mutation {unknown}
 s - a potion of might
Comestibles
 c - 5 rations
 o - 2 chunks of flesh


   Skills:
 - Level 5.0 Fighting
 - Level 5.0 Dodging
 - Level 5.2 Stealth
 + Level 2.7 Spellcasting
 - Level 1.3 Conjurations
 - Level 2.6 Ice Magic


You had one spell level left.
You knew the following spells:

 Your Spells              Type           Power        Failure   Level  Hunger
a - Freeze                Ice            ###.         6%          1    #......
b - Throw Frost           Conj/Ice       ##....       12%         2    ##.....
c - Ozocubu's Armour      Chrm/Ice       ##......     30%         3    ###....
d - Throw Icicle          Conj/Ice       ##......     61%         4    #####..

Your spell library contained the following spells:

 Spells                   Type           Power        Failure   Level  Hunger
 Summon Ice Beast         Ice/Summ       ##......     71%         4    #####..


Dungeon Overview and Level Annotations

Branches:
Dungeon (4/15)
 Temple: D:4-7

Altars:


Innate Abilities, Weirdness & Mutations

You have a beak for a mouth.
You have claws for feet.
You can fly.


Message History

The sky beast is moderately wounded.
The sky beast hits you. The sky beast shocks you.
You miss the sky beast. Your kick misses the sky beast.
The sky beast is moderately wounded.
The sky beast hits you. The sky beast shocks you.
You hit the sky beast but do no damage.
The sky beast is moderately wounded.
The sky beast hits you. The sky beast shocks you.
You feel better. The sky beast hits you. The sky beast shocks you.
You hit the sky beast.
The sky beast is moderately wounded.
The sky beast hits you.
* * * LOW HITPOINT WARNING * * *
The sky beast shocks you.
* * * LOW HITPOINT WARNING * * *
You feel very mighty all of a sudden. The sky beast hits you.
* * * LOW HITPOINT WARNING * * *
The sky beast shocks you.
You die...

#. #.#.#.........# #.#
#.#.########### .. #.#.#
#.# #.#.# #####.. #.#.#
#.../..###.#.#
#..........#.#
#...)...####.###########
#.....Y@# #.##.........
#.......# #............
#)...$... #.##.........
#......).# #.##.........
#.?....... #.##.........
#......#.#.#.###########
####### .#.#.# .. #.# #.


You could see a sky beast.

Vanquished Creatures
  5 big kobolds (Sewer)
  Jessica (D:2)
  2 worker ants
  2 orc wizards (D:3)
  A river rat (Sewer)
  12 adders
  4 oozes
  3 worms
  5 dart slugs
  3 leopard geckos
  3 orcs (D:3)
  11 giant cockroaches
  11 goblins
  5 hobgoblins
  7 jackals
  A quokka (D:2)
  12 ball pythons
  7 bats
  9 frilled lizards
  19 kobolds
  16 rats
139 creatures vanquished.

Notes
Turn   | Place    | Note
-------+----------+-------------------------------------------
     0 | D:1      | Espgualade the Tengu Ice Elementalist began the quest for
                  | the Orb.
     0 | D:1      | Reached XP level 1. HP: 10/10 MP: 4/4
    14 | D:1      | Reached skill level 1 in Fighting
    38 | D:1      | Reached XP level 2. HP: 10/16 MP: 0/6
   390 | D:1      | Reached XP level 3. HP: 17/22 MP: 7/7
   831 | D:1      | Learned a level 2 spell: Throw Frost
   835 | D:1      | Learned a level 3 spell: Ozocubu's Armour
   879 | D:2      | Noticed Jessica
   885 | D:2      | Killed Jessica
   885 | D:2      | Reached XP level 4. HP: 21/28 MP: 4/8
  1195 | D:2      | HP: 1/29 [adder (4)]
  1715 | D:2      | Gained mutation: You can fly. [Tengu growth]
  1715 | D:2      | Reached XP level 5. HP: 34/34 MP: 9/9
  1878 | D:3      | Reached skill level 5 in Fighting
  2118 | D:3      | Found a glowing drain.
  2153 | D:3      | Reached XP level 6. HP: 11/40 MP: 0/10
  2161 | Sewer    | Entered a sewer
  2573 | Sewer    | Reached XP level 7. HP: 19/44 MP: 7/11
  2902 | Sewer    | Reached skill level 5 in Dodging
  3289 | D:3      | Reached skill level 5 in Stealth
  3725 | D:3      | Learned a level 4 spell: Throw Icicle
  3885 | D:4      | Slain by a sky beast

Vault maps used:
D:1:      erik_arrival_blinker_ship
D:2:      first_ration, minmay_vboxes, uniq_jessica
D:3:      portal_sewer_entry_a, minmay_snake_closets
D:4:      uniq_edmund, uniq_eustachio
Sewer:    sewer_co_tree

Skill      XL: |  1  2  3  4  5  6  7 |
---------------+----------------------+-----
Fighting       | 1 2 3 4 5 |  5.0
Dodging        | 4 5 |  5.0
Stealth        | 4 5 |  5.2
Spellcasting   | |  2.7
Conjurations   | |  1.3
Ice Magic      | |  2.6

Action                   |  1- 3 |  4- 6 |  7- 9 || total
-------------------------+-------+-------+-------++-------
Melee: Unarmed           |    18 |       |       ||    18
       Kick              |    13 |    28 |     9 ||    50
       Short sword       |    59 |   169 |   100 ||   328
       Peck              |    15 |     9 |     6 ||    30
 Cast: Freeze            |     6 |    35 |    17 ||    58
       Ozocubu's Armour  |       |     3 |     1 ||     4
       Throw Frost       |       |     1 |     1 ||     2
  Use: Scroll            |     1 |     5 |     5 ||    11
       Potion            |       |     1 |     2 ||     3
 Stab: Sleeping          |     4 |     7 |     1 ||    12
       Distracted        |       |       |     1 ||     1
  Eat: Chunk             |       |     2 |     3 ||     5
       Ration            |       |     2 |       ||     2
Armor: Robe              |    20 |    47 |    20 ||    87
Dodge: Dodged            |    52 |   111 |    82 ||   245

Table legend:
 A = Non-vault XP
 B = Vault XP
 C = Vault XP percentage of total XP
 D = Non-vault monster count
 E = Vault monster count
 F = Vault count percentage of total count
                 A         B        C        D         E       F
            +---------+---------+-------+---------+---------+-------
      Total |     346 |     733 |  67.9 |      90 |      49 |  35.3
            +---------+---------+-------+---------+---------+-------
        D:1 |      49 |       0 |   0.0 |      30 |       0 |   0.0
        D:2 |      56 |      65 |  53.7 |      26 |       7 |  21.2
        D:3 |     201 |      95 |  32.1 |      29 |      14 |  32.6
        D:4 |      40 |       0 |   0.0 |       5 |       0 |   0.0
      Sewer |       0 |     573 | 100.0 |       0 |      28 | 100.0
            +---------+---------+-------+---------+---------+-------
